 Dungeon Crawl Stone Soup version 0.30.1-9-gdf580d7c3d (webtiles) character file.

Game seed: 13826688438577972703

62801 Zonian the Photosynthesist (level 14, -37/76 HPs)
             Began as a Deep Elf Ice Elementalist on Oct 3, 2023.
             Was an Elder of Fedhas.
             Annihilated by an enormous slime creature (71 damage)
             ... on level 12 of the Dungeon.
             The game lasted 01:16:11 (25321 turns).

Zonian the Photosynthesist (DEIE)                  Turns: 25321, Time: 01:16:41

Health: -37/76     AC: 12    Str:  7    XL:     14   Next: 65%
Magic:  23/30      EV: 29    Int: 24    God:    Fedhas [****..]
Gold:   907        SH:  0    Dex: 28    Spells: 24/33 levels left

rFire   x . .        x - +7 shortbow of Esubyfef {freeze, rF- Dex+7}
rCold   . . .        (shield currently unavailable)
rNeg    . . .        Q - +2 robe {Will+}
rPois   .            T - +2 hat
rElec   .            (no cloak)
rCorr   .            L - +2 pair of gloves
SInv    .            r - +2 pair of boots
Will    ++...        F - amulet of regeneration
Stlth   ++++++       Z - +5 ring of evasion
HPRegen 1.12/turn    D - +6 ring of dexterity
MPRegen 0.22/turn

%: no passive effects
@: no status effects
A: no striking features
a: Renounce Religion, Wall of Briars, Grow Ballistomycete, Overgrow


You were on level 12 of the Dungeon.
You worshipped Fedhas.
Fedhas was greatly pleased with you.
You visited 3 branches of the dungeon, and saw 18 of its levels.

You collected 1091 gold pieces.
You spent 184 gold pieces at shops.

Inventory:

Hand Weapons
 f - a +2 arbalest of freezing
 g - a +3 dagger of draining
 l - a +0 shortbow of flaming
 w - a +0 sling
 x - the +7 shortbow of Esubyfef (weapon) {freeze, rF- Dex+7}
   (You bought it in a shop on level 6 of the Dungeon)

   Dex:       It affects your dexterity (+7).
   rF:        It makes you vulnerable to fire.
 A - the +4 demon trident "Diuxut" {vamp, rN+ Int-5 Dex+2}
   (You found it on level 4 of the Lair of Beasts)

   Int:       It affects your intelligence (-5).
   Dex:       It affects your dexterity (+2).
   rN:        It protects you from negative energy.
 M - a +0 scimitar of flaming
Missiles
 G - 19 poisoned darts
 S - 2 throwing nets
 X - 5 javelins
Armour
 k - a +2 ring mail of fire resistance
 r - a +2 pair of boots (worn)
 v - the +2 leather armour of Gaxuhiot {Harm rPois Dex+3}
   (You found it on level 6 of the Dungeon)

   Dex:       It affects your dexterity (+3).
   rPois:     It protects you from poison.
   Harm:      It increases damage dealt and taken.
 B - a scarf of harm
 I - the +0 leather armour of Gelyotsu {Fly}
   (You found it on level 12 of the Dungeon)

   Fly:       It grants you flight.
 L - a +2 pair of gloves (worn)
 Q - a +2 robe of willpower (worn)
 T - a +2 hat (worn)
Jewellery
 i - a ring of flight
 y - an amulet of guardian spirit
 D - a +6 ring of dexterity (right hand)
 F - an amulet of regeneration (around neck)
 K - a ring of protection from fire
 Z - a +5 ring of evasion (left hand)
Wands
 d - a wand of acid (11)
 q - a wand of mindburst (7)
 t - a wand of polymorph (14)
 R - a wand of flame (15)
Scrolls
 c - a scroll of amnesia
 n - a scroll of fear
 o - a scroll of vulnerability
 p - 2 scrolls of immolation
 u - 3 scrolls of magic mapping
 P - 3 scrolls of brand weapon
 U - 2 scrolls of enchant weapon
 V - a scroll of blinking
 W - 5 scrolls of teleportation
 Y - a scroll of silence
Potions
 b - 3 potions of magic
 e - 2 potions of heal wounds
 h - 2 potions of ambrosia
 j - 2 potions of might
 m - 2 potions of invisibility
 s - a potion of flight
 z - 2 potions of brilliance
 C - 2 potions of haste {unknown}
 E - 3 potions of mutation {unknown}
 H - 7 potions of curing
 J - 2 potions of berserk rage {unknown}


   Skills:
 + Level 4.4 Fighting
 - Level 4.0 Short Blades
 - Level 14.9 Ranged Weapons
 - Level 12.0 Dodging
 - Level 13.0 Stealth
 - Level 10.2 Spellcasting
 - Level 9.3 Ice Magic
 + Level 15.9 Invocations


You had 24 spell levels left.
You knew the following spells:

 Your Spells              Type           Power      Damage    Failure   Level
a - Freeze                Ice            100%       1d10      1%          1
b - Frozen Ramparts       Ice            100%       1d16      1%          3
c - Ozocubu's Armour      Ice            55%        N/A       1%          3
d - Wereblood             Tmut           12%        N/A       8%          2

Your spell library contained the following spells:

 Spells                   Type           Power      Damage    Failure   Level
 Ensorcelled Hibernation  Hex/Ice        68%        N/A       1%          2
 Hailstorm                Conj/Ice       34%        3d9       2%          3
 Sandblast                Erth           24%        2d8       5%          1
 Slow                     Hex            48%        N/A       5%          1
 Summon Small Mammal      Summ           48%        N/A       5%          1
 Passwall                 Tmut/Erth      10%        N/A       8%          2
 Sublimation of Blood     Necr           12%        N/A       8%          2
 Ice Form                 Ice/Tmut       34%        N/A       8%          4
 Summon Ice Beast         Ice/Summ       34%        N/A       8%          4
 Call Canine Familiar     Summ           12%        N/A       16%         3
 Confusing Touch          Hex            12%        N/A       16%         3
 Spider Form              Tmut/Pois      12%        N/A       16%         3
 Stone Arrow              Conj/Erth      24%        3d8       16%         3
 Summon Guardian Golem    Hex/Summ       12%        N/A       16%         3
 Tukima's Dance           Hex            12%        N/A       16%         3
 Vampiric Draining        Necr           12%        2d6       16%         3
 Anguish                  Hex/Necr       6%         N/A       45%         4
 Passage of Golubria      Tloc           12%        N/A       45%         4
 Petrify                  Tmut/Erth      12%        N/A       45%         4
 Simulacrum               Ice/Necr       17%        N/A       75%         6
 Irradiate                Conj/Tmut      6%         3d13      82%         5
 Summon Forest            Summ/Tloc      6%         N/A       82%         5
 Yara's Violent Unravell  Hex/Tmut       6%         3d5       82%         5
 Eringya's Noxious Bog    Tmut/Pois      6%         N/A       100%        6
 Summon Hydra             Summ           6%         N/A       100%        7


Dungeon Overview and Level Annotations

Branches:
Dungeon (12/15)            Temple (1/1) D:7            Lair (5/5) D:11
 Shoals (0/4) Lair:2        Snake (0/4) Lair:3        Slime (0/5) Lair:5
    Orc (0/2) D:10

Altars:
Ashenzari
Cheibriados
Dithmenos
Elyvilon
Fedhas
Gozag
Hepliaklqana
Kikubaaqudgha
Makhleb
Nemelex Xobeh
Okawaru
Qazlal
Ru
Sif Muna
Trog
Uskayaw
Vehumet
Wu Jian
Xom
Yredelemnul
Zin
The Shining One

Shops:
D:6 (

Portals:
Hell: Lair:5

Annotations:
D:4 1 runed translucent door, Crazy Yiuf
D:6 1 runed translucent door, IHitMyHead's ghost, novice HuFi
D:8 3 runed translucent doors, BuzzardItera's ghost, novice MiBe
Lair:2 Harold
Lair:3 2 transporters, Kate Neode's ghost, journeyman DgAr
Lair:5 1 runed translucent door


Message History

[Y]es or [N]o only, please.
Your icy armour and frozen ramparts will break if you move.
Continue?
The enormous slime creature attacks as you move away!
The enormous slime creature closely misses you.
Your icy armour cracks and falls away as you move.
The frozen ramparts melt away as you move.
Unknown command.
The enormous slime creature completely misses you.
The enormous slime creature hits you!!!
Unknown command.
The enormous slime creature hits your briar patch!!
Unknown command.
Aiming: Corrosive Bolt
Press: ? - help, Shift-Dir - straight line, f/p - enormous slime creature
Aim: an enormous slime creature (heavily wounded, ally target, 94% to hit)
Fedhas protects your plant from harm.
The bolt of acid hits the enormous slime creature!!
The acid corrodes the enormous slime creature!
The enormous slime creature is severely wounded.
The enormous slime creature hits your briar patch!!!
Your briar patch is destroyed!
Your briar patch disappears in a puff of smoke!
Aiming: Corrosive Bolt
Press: ? - help, Shift-Dir - straight line, f/p - enormous slime creature
Aim: an enormous slime creature (severely wounded, covered in acid, ally target, 94% to hit)
Fedhas protects your plant from harm.
The bolt of acid hits the enormous slime creature!
The enormous slime creature seems to be corroded for longer.
The enormous slime creature is severely wounded.
Fire: x) +7 shortbow of Esubyfef {freeze, rF- Dex+7}
Press: ? - help, Q - select action, (/) - cycle Shift-Dir - straight line, f/p - enormous slime creature
Aim: an enormous slime creature (severely wounded, covered in acid, ally target, 89% to hit)
You shoot an arrow.
The arrow hits the enormous slime creature!
The arrow freezes the enormous slime creature.
The enormous slime creature is severely wounded.
The enormous slime creature hits you!!!
Ouch! That really hurt!
You die...
Fedhas appreciates your contribution to the ecosystem.

##...#...## ...#
###..#...# ..)#
)###.#...# ...+
..##.....# ...#
..###....# ...+
#.$##....########...####
...##..........P.P......
.l.##..........JPP......
#..##...........@.......
..###.......(.....######
..##...........####
.###....######.#
####....# #)# ##......#
### ...##.### ^.....#
#######


You could see an enormous slime creature (corroded, ally target).

Vanquished Creatures
  Rupert (Lair:4)
  Gastronok (Lair:2)
  2 dire elephants (Lair:5)
  3 hydras
  Erica (D:8)
  2 boulder beetles
  7 death yaks
  A centaur warrior (D:9)
  4 two-headed ogres
  Urug (Lair:2)
  A sixfirhy (Lair:5)
  A skyshark (Lair:4)
  2 wizards
  6 lindwurms
  A salamander (Lair:3)
  A manticore (D:11)
  6 black mambas
  25 elephants
  A merfolk siren (Lair:2)
  An ice statue (Lair:2)
  A smoke demon (Lair:5)
  5 cane toads
  2 orange demons (Lair:5)
  A gargoyle (D:11)
  2 unseen horrors
  7 rime drakes
  A kobold demonologist (D:11)
  7 komodo dragons
  An ice devil (Lair:5)
  A freezing wraith (Lair:2)
  2 red devils (Lair:5)
  3 trolls
  5 polar bears
  26 blink frogs
  A merfolk (Lair:2)
  Prince Ribbit (Lair:2)
  2 shadows
  2 slime creatures (D:12)
  4 wyverns
  48 yaks
  A vampire (D:10)
  A steam dragon (Lair:2)
  4 basilisks
  A vampire mosquito (D:9)
  An acid dragon (D:10)
  13 water moccasins
  4 hell hounds (Lair:5)
  A black bear (D:8)
  5 orc warriors
  2 ogres
  A sky beast (D:6)
  5 centaurs
  7 ice beasts
  3 wolves (Lair:1)
  2 phantoms
  11 bullfrogs
  3 scorpions
  7 wights
  15 killer bees
  8 howler monkeys
  3 lava snakes (Lair:3)
  2 jellies
  7 orc priests
  2 hounds (D:5)
  An iguana (D:4)
  A sleepcap (D:5)
  3 gnoll boudas
  8 orc wizards
  3 hell rats (Lair:1)
  11 gnolls
  6 adders
  7 river rats (Lair:1)
  A shadow imp (D:6)
  A white imp (D:8)
  3 ufetubi (D:6)
  4 worms
  3 dart slugs
  57 orcs
  8 bats
  8 endoplasms
  A giant cockroach (D:4)
  4 goblins
  7 hobgoblins
  10 jackals
  A quokka (D:1)
  10 ball pythons
  6 frilled lizards
  7 kobolds
  7 rats
  A ballistomycete spore (Lair:5)
478 creatures vanquished.

Vanquished Creatures (collateral kills)
  An unseen horror (D:11)
  A cane toad (Lair:5)
  13 ballistomycete spores
15 creatures vanquished.

Vanquished Creatures (others)
  2 ballistomycete spores
2 creatures vanquished.

Grand Total: 495 creatures vanquished

Notes
Turn   | Place    | Note
-------+----------+-------------------------------------------
     0 | D:1      | Zonian the Deep Elf Ice Elementalist began the quest for
                  | the Orb.
     0 | D:1      | Reached XP level 1. HP: 10/10 MP: 6/6
   401 | D:1      | Reached XP level 2. HP: 15/15 MP: 3/8
  1558 | D:1      | Reached skill level 5 in Ice Magic
  1563 | D:1      | Reached XP level 3. HP: 18/19 MP: 7/10
  1677 | D:1      | Learned a level 3 spell: Frozen Ramparts
  1681 | D:1      | Learned a level 3 spell: Ozocubu's Armour
  2055 | D:2      | Reached XP level 4. HP: 7/24 MP: 6/12
  3320 | D:3      | Found a glowing golden altar of the Shining One.
  3325 | D:3      | Reached skill level 5 in Spellcasting
  3645 | D:3      | Reached XP level 5. HP: 24/28 MP: 9/14
  4632 | D:4      | Reached XP level 6. HP: 17/32 MP: 5/17
  5018 | D:4      | Found a runed translucent door.
  5019 | D:4      | Noticed Crazy Yiuf
  5361 | D:5      | Entered Level 5 of the Dungeon
  5422 | D:5      | Noticed a water moccasin
  5640 | D:5      | Reached skill level 1 in Short Blades
  5883 | D:5      | Noticed an ice beast
  6397 | D:5      | Reached XP level 7. HP: 27/36 MP: 15/19
  7105 | D:6      | Found Nennocug's Antique Weapon Boutique.
  7112 | D:6      | Bought a buzzing shortbow for 184 gold pieces
  7112 | D:6      | Identified the +7 shortbow of Esubyfef {freeze, rF- Dex+7}
                  | (You bought it in a shop on level 6 of the Dungeon)
  7163 | D:6      | Reached XP level 8. HP: 36/41 MP: 16/22
  7229 | D:6      | HP: 2/41 [centaur/arrow (9)]
  7484 | D:6      | Reached skill level 1 in Ranged Weapons
  7954 | D:6      | Found a runed translucent door.
  7955 | D:6      | Found a shimmering altar of Xom.
  7955 | D:6      | Noticed IHitMyHead's ghost (novice HuFi)
  7958 | D:6      | Noticed a +4 spear of chaos
  8031 | D:6      | Found a runed translucent door.
  8924 | D:6      | Identified the +2 leather armour of Gaxuhiot {Harm rPois
                  | Dex+3}
  9108 | D:7      | Reached XP level 9. HP: 45/45 MP: 24/24
  9123 | D:7      | Reached skill level 10 in Spellcasting
  9129 | D:7      | Reached skill level 5 in Ranged Weapons
  9255 | D:7      | Found a staircase to the Ecumenical Temple.
  9311 | Temple   | Entered the Ecumenical Temple
  9631 | Temple   | Became a worshipper of Fedhas Madash
 10346 | D:8      | Noticed a two-headed ogre
 10619 | D:7      | Reached skill level 1 in Invocations
 11310 | D:7      | Reached skill level 2 in Invocations
 11465 | D:8      | Reached * piety under Fedhas
 11926 | D:8      | Killed a two-headed ogre
 11927 | D:8      | Reached skill level 10 in Ranged Weapons
 11927 | D:8      | Reached skill level 4 in Invocations
 11956 | D:8      | Reached XP level 10. HP: 50/50 MP: 26/26
 12173 | D:8      | Found a runed translucent gate.
 12173 | D:8      | Noticed BuzzardItera's ghost (novice MiBe)
 12174 | D:8      | Found a runed translucent gate.
 12175 | D:8      | Found a runed translucent gate.
 12320 | D:8      | Noticed Erica
 12327 | D:8      | Killed Erica
 12328 | D:8      | Reached skill level 5 in Invocations
 12375 | D:8      | Found a faded altar of an unknown god.
 12375 | D:8      | Found the Hermit's Pendant {Faith Invo=14 Evo=0 MP+5}
 12526 | D:9      | Reached skill level 6 in Invocations
 12976 | D:9      | Reached ** piety under Fedhas
 12977 | D:9      | Reached skill level 7 in Invocations
 13044 | D:9      | Noticed a centaur warrior
 13044 | D:9      | Noticed a wizard
 13052 | D:9      | Killed a centaur warrior
 13064 | D:9      | Noticed a two-headed ogre
 13072 | D:9      | Killed a two-headed ogre
 13073 | D:9      | Reached skill level 8 in Invocations
 13078 | D:9      | Killed a wizard
 13086 | D:9      | Reached XP level 11. HP: 54/54 MP: 21/27
 13225 | D:9      | Identified the +6 rapier "Zonian's Foe" {protect, Fragile
                  | rElec rPois Int+8}
 13927 | D:10     | Entered Level 10 of the Dungeon
 13996 | D:10     | Found a staircase to the Orcish Mines.
 14091 | D:10     | Reached skill level 9 in Invocations
 15025 | D:10     | Noticed a two-headed ogre
 15032 | D:10     | Killed a two-headed ogre
 15595 | D:11     | Found a staircase to the Lair.
 15609 | Lair:1   | Entered Level 1 of the Lair of Beasts
 15796 | Lair:1   | Reached skill level 10 in Invocations
 15958 | Lair:1   | Reached *** piety under Fedhas
 15996 | Lair:1   | Noticed a death yak
 16337 | Lair:2   | Noticed Prince Ribbit
 16357 | Lair:2   | Killed Prince Ribbit
 16556 | Lair:2   | Noticed Harold
 16570 | Lair:2   | Reached skill level 11 in Invocations
 16780 | Lair:2   | Reached XP level 12. HP: 59/59 MP: 28/28
 16969 | Lair:2   | Noticed Gastronok
 16979 | Lair:2   | Reached skill level 5 in Stealth
 17003 | Lair:2   | Killed Gastronok
 17004 | Lair:2   | Reached skill level 5 in Dodging
 17153 | Lair:2   | Found a staircase to the Shoals.
 17931 | Lair:2   | Noticed Urug
 17942 | Lair:2   | Killed Urug
 18096 | Lair:2   | Reached skill level 12 in Invocations
 18816 | Lair:3   | Found a transporter.
 18833 | Lair:3   | Noticed Kate Neode's ghost (journeyman DgAr)
 19025 | Lair:3   | Reached **** piety under Fedhas
 19205 | Lair:3   | Found a staircase to the Snake Pit.
 19290 | Lair:3   | Found a transporter.
 19753 | Lair:4   | Noticed a death yak
 19756 | Lair:4   | Reached XP level 13. HP: 63/63 MP: 29/29
 19779 | Lair:4   | Reached skill level 13 in Invocations
 19859 | Lair:4   | Reached skill level 10 in Stealth
 20237 | Lair:4   | Identified the +4 demon trident "Diuxut" {vamp, rN+ Int-5
                  | Dex+2}
 20341 | Lair:4   | Reached skill level 10 in Dodging
 20666 | Lair:4   | Noticed Rupert
 20785 | Lair:4   | Reached skill level 14 in Invocations
 21021 | Lair:4   | Killed Rupert
 21266 | Lair:5   | Entered Level 5 of the Lair of Beasts
 21323 | Lair:5   | Found a runed translucent door.
 21327 | Lair:5   | Noticed an azure jelly
 21328 | Lair:5   | Found a staircase to the Slime Pits.
 21598 | Lair:5   | Reached ***** piety under Fedhas
 21738 | Lair:5   | Reached XP level 14. HP: 44/68 MP: 30/30
 22724 | Lair:5   | Found a burning altar of Makhleb.
 22735 | Lair:5   | Reached skill level 1 in Fighting
 22735 | Lair:5   | Reached skill level 15 in Invocations
 22891 | Lair:5   | Found a gateway to Hell.
 23077 | Lair:5   | Found a blossoming altar of Fedhas.
 23784 | Lair:5   | Noticed an azure jelly
 23784 | Lair:5   | Noticed an azure jelly
 25189 | D:12     | Identified the +0 leather armour of Gelyotsu {Fly}
 25209 | D:12     | Learned a level 2 spell: Wereblood
 25321 | D:12     | Annihilated by an enormous slime creature

Illustrated notes

Levels and vault maps discovered:
D:1:      minmay_arrival_stair_chambers, layout_basic
D:2:      layout_basic, dk_noncrumbling_4
D:3:      layout_basic, nicolae_tso_swordbearing_angel
D:4:      layout_basic, uniq_crazy_yiuf_cottage
D:5:      layout_loops_ring
D:6:      layout_loops_cross, ebering_ghost_xom, serial_shops,
          nicolae_shop_stone, minmay_misc_feat_more_columns,
          lightli_church_of_beogh
D:7:      layout_gridville, minmay_temple_entry_glassed_door, dk_noncrumbling_2
D:8:      layout_cave_pools, ebering_ghost_rock_garden, nrook_loot_triangle,
          hellmonk_guarded_unrand_hermit, uniq_erica
D:9:      minmay_blocky_corners, layout_long_grid, minmay_splitting_lines
D:10:     layout_rooms, david_orc_3, serial_corexii_hall,
          corexii_hall_statues_l, chequers_hall_statues_y,
          corexii_hall_statues_l, chequers_hall_statues_y, minivault_27
D:11:     layout_cave_pods, lair_entry_dummy, nicolae_kite_square_tiling_tiny
D:12:     lemuel_insect_pit, layout_irregular_city, gammafunk_ghost_ooze,
          skrybe_limestone_x, minmay_mirror_moons_of_madness
Temple:   roderic_octagonal_lattice_temple
Lair:1:   layout_hall_layers, kennysheep_abandoned_house, serial_bayou_shore_b,
          grunt_megastairs_1
Lair:2:   layout_layer_cave, elwin_shoals_entry_rooms, ice2_lemuel,
          uniq_gastronok, uniq_harold, uniq_urug, uniq_prince_ribbit2
Lair:3:   layout_cave_shapes, nicolae_snake_entry_warm_welcome,
          nzn_ghost_randoct, gauntlet_entry_generic
Lair:4:   layout_hall_layers, nicolae_volcano_entry_vermiform,
          grunt_megastairs_3, serial_bayou_shore_b, infiniplex_staircase_pool,
          lemuel_fruit_tree, uniq_rupert
Lair:5:   evil_forest, layout_cave_shapes, slime_entry_2, basic_altar,
          nicolae_lair_lindhole, grunt_megastairs_2, lemuel_fruit_fields

Skill      XL: |  1  2  3  4  5  6  7  8  9 10 11 12 13 14 |
---------------+-------------------------------------------+-----
Spellcasting   | 4 5 6 7 8 9 10 | 10.2
Ice Magic      | 5 6 7 9 |  9.3
Short Blades   | 2 3 4 |  4.0
Ranged Weapons | 4 10 12 14 | 14.9
Invocations    | 4 8 11 12 14 15 | 15.9
Stealth        | 4 9 12 13 | 13.0
Dodging        | 4 8 11 12 | 12.0
Fighting       | 4 |  4.4

Action                     |  1- 3 |  4- 6 |  7- 9 | 10-12 | 13-15 || total
---------------------------+-------+-------+-------+-------+-------++-------
  Melee: Unarmed           |     2 |       |       |       |       ||     2
         Dagger            |    18 |   199 |    56 |       |       ||   273
         Punch             |       |     2 |       |       |       ||     2
   Fire: Shortbow          |       |       |   196 |   643 |   718 ||  1557
   Cast: Freeze            |    44 |    49 |    29 |       |     6 ||   128
         Frozen Ramparts   |       |     4 |    17 |    20 |    19 ||    60
         Ozocubu's Armour  |       |       |     4 |    11 |     9 ||    24
 Invoke: Wall of Briars    |       |       |       |     5 |     8 ||    13
         Grow Ballistomyce |       |       |       |       |     5 ||     5
  Evoke: Wand              |       |       |     1 |    11 |     3 ||    15
    Use: Scroll            |       |    11 |    11 |     8 |     3 ||    33
         Potion            |       |       |     9 |     4 |     2 ||    15
   Stab: Sleeping          |     2 |     8 |       |       |       ||    10
 Armour: Robe              |    10 |    60 |    63 |    46 |    55 ||   234
         Skin              |       |       |    15 |       |       ||    15
  Dodge: Dodged            |    33 |   156 |   139 |    95 |   304 ||   727
